 Dungeon Crawl Stone Soup version 0.30-a0-1160-g6e42c06551 (webtiles) character file.

Game seed: 1316407309285837033

19729 voltaire321 the Thaumaturge (level 12, 0/68 HPs)
             Began as a Deep Elf Earth Elementalist on Apr 26, 2023.
             Was an Elder of Vehumet.
             Slain by a skyshark (12 damage)
             ... on level 2 of the Lair of Beasts.
             The game lasted 00:44:47 (13485 turns).

voltaire321 the Thaumaturge (DEEE)                 Turns: 13485, Time: 00:44:48

Health: 0/68       AC: 16    Str: 10    XL:     12   Next: 39%
Magic:  0/27       EV: 13    Int: 36    God:    Vehumet [****..]
Gold:   544        SH:  6    Dex: 15    Spells: 9/30 levels left

rFire   . . .        e - staff of conjuration "Dam Pao" {Drain rCorr Stlth+}
rCold   . . .        q - +1 buckler {rPois}
rNeg    . . .        w - +3 ring mail {rPois}
rPois   +            t - +0 helmet
rElec   .            F - +2 cloak {Will+}
rCorr   +            p - +1 pair of gloves {Str+3}
SInv    .            (no boots)
Will    ++...        C - amulet of guardian spirit
Stlth   +++++        d - +6 ring of intelligence
HPRegen 0.31/turn    r - +6 ring of intelligence
MPRegen 0.20/turn

%: guardian spirit
@: no status effects
A: no striking features
a: Renounce Religion


You were on level 2 of the Lair of Beasts.
You worshipped Vehumet.
Vehumet was greatly pleased with you.
You visited 2 branches of the dungeon, and saw 13 of its levels.

You collected 683 gold pieces.
You spent 139 gold pieces at shops.

Inventory:

Hand Weapons
 o - the +2 flail "Orb Guardian's Curse" {drain, rElec rF+ Str+3 Int+3}
   (You found it on level 9 of the Dungeon)

   Str:       It affects your strength (+3).
   Int:       It affects your intelligence (+3).
   rF:        It protects you from fire.
   rElec:     It insulates you from electricity.
 y - a +0 rapier of freezing
Missiles
 m - 2 curare-tipped darts (quivered)
 n - 2 throwing nets
Armour
 p - a +1 pair of gloves of strength (worn)
 q - a +1 buckler of poison resistance (worn)
 t - a +0 helmet (worn)
 w - a +3 ring mail of poison resistance (worn)
 F - a +2 cloak of willpower (worn)
Magical Staves
 e - the staff of conjuration "Dam Pao" (weapon) {Drain rCorr Stlth+}
   (You acquired it on level 7 of the Dungeon)

   [staff of conjuration]

   Base accuracy: +5 Base damage: 5 Base attack delay: 1.2 This weapon's minimum
   attack delay (0.6) is reached at skill level 12.
   rCorr:     It protects you from acid and corrosion.
   Drain:     It drains your maximum health when unequipped.
   Stlth:     It makes you more stealthy.
   It falls into the 'Staves' category.
   It is a one-handed weapon.
Jewellery
 d - a +6 ring of intelligence (left hand)
 r - a +6 ring of intelligence (right hand)
 B - a ring of positive energy
 C - an amulet of guardian spirit (around neck)
Wands
 i - a wand of paralysis (11)
 k - a wand of roots (32)
 D - a wand of quicksilver (4)
Scrolls
 g - 3 scrolls of identify
 j - 2 scrolls of enchant armour
 u - a scroll of brand weapon
Potions
 a - a potion of ambrosia
 b - a potion of magic
 c - a potion of haste {unknown}
 f - 9 potions of curing
 h - 3 potions of brilliance
 l - 3 potions of lignification
 s - a potion of invisibility
 x - 3 potions of berserk rage
 z - a potion of flight
 E - 2 potions of might


   Skills:
 + Level 5.5 Fighting
 * Level 7.7 Armour
 + Level 8.6 Dodging
 + Level 9.4 Stealth
 - Level 5.0 Shields
 + Level 9.5 Spellcasting
 + Level 7.3 Conjurations
 + Level 2.9 Translocations
 - Level 2.0 Transmutations
 * Level 9.5 Earth Magic


You had 9 spell levels left.
You knew the following spells:

 Your Spells              Type           Power      Damage    Failure   Level
a - Sandblast             Erth           100%       2d20      1%          1
b - Passwall              Tmut/Erth      46%        N/A       1%          2
c - Stone Arrow           Conj/Erth      100%       3d13      1%          3
d - Lee's Rapid Deconstr  Erth           36%        3d18*     1%          5
e - Iskenderun's Mystic   Conj/Tloc      69%        2d14      2%          4
f - Petrify               Tmut/Erth      56%        N/A       7%          4
g - Blink                 Tloc           76%        N/A       3%          2

Your spell library contained the following spells:

 Spells                   Type           Power      Damage    Failure   Level
 Sticky Flame             Conj/Fire      60%        2d8       4%          4
 Apportation              Tloc           76%        N/A       2%          1
 Mephitic Cloud           Conj/Pois/Air  51%        N/A       2%          3
 Poisonous Vapours        Pois/Air       34%        N/A       3%          2
 Volatile Blastmotes      Fire/Tloc      54%        2d14      3%          3
 Fulminant Prism          Conj/Hex       30%        3d16      4%          4
 Necrotise                Necr           68%        1d7       8%          1
 Summon Small Mammal      Summ           68%        N/A       8%          1
 Irradiate                Conj/Tmut      33%        3d22      9%          5
 Animate Armour           Summ/Erth      100%       N/A       11%         4
 Ensorcelled Hibernation  Hex/Ice        34%        N/A       12%         2
 Sublimation of Blood     Necr           17%        N/A       12%         2
 Spider Form              Tmut/Pois      24%        N/A       16%         3
 Freezing Cloud           Conj/Ice/Air   25%        6-21      19%         5
 Manifold Assault         Tloc           38%        N/A       22%         4
 Anguish                  Hex/Necr       8%         N/A       58%         4
 Statue Form              Tmut/Erth      37%        N/A       71%         6
 Metabolic Englaciation   Hex/Ice        8%         N/A       91%         5
 Lehudib's Crystal Spear  Conj/Erth      43%        10d11     97%         8
 Storm Form               Tmut/Air       12%        N/A       100%        7


Dungeon Overview and Level Annotations

Branches:
Dungeon (11/15)            Temple (0/1) D:7            Lair (2/5) D:9
    Orc (0/2) D:9
  Swamp: Lair:2-3    Shoals: Lair:2-3     Snake: Lair:2-3    Spider: Lair:2-3

Altars:
Ashenzari
Cheibriados
Dithmenos
Fedhas
Gozag
Hepliaklqana
Makhleb
Okawaru
Vehumet
Xom
Yredelemnul

Shops:
D:4 [

Annotations:
D:9 3 runed translucent doors


Message History

The skyshark closely misses you. The skyshark tail-slaps you.
The skyshark misses you.
Casting: Sandblast (safe; 1% risk of failure)
Confirm with . or Enter, or press ? or * to list all spells.
You feel a surge of power!
You erupt in a blast of force!
The mystic blast hits the skyshark.
The skyshark is lightly wounded.
The skyshark is knocked back by the mystic blast.
Casting: Iskenderun's Mystic Blast (dangerous; 2% risk of failure)
Confirm with . or Enter, or press ? or * to list all spells.
You feel a surge of power!
You erupt in a blast of force!
The mystic blast hits the skyshark!!
The skyshark is moderately wounded.
The skyshark is knocked back by the mystic blast.
Aiming: Fastroot
Press: ? - help, Shift-Dir - straight line, f/p - skyshark
Aim: a skyshark (moderately wounded, berserk)
The roots erupt in riotous growth!
Roots grab the skyshark.
The grasping roots constrict the skyshark.
You hear a deafening roar!
The skyshark bites you! The skyshark barely misses you. x2
The skyshark bites you!
* * * LOW HITPOINT WARNING * * *
The skyshark closely misses you. You block the skyshark's attack.
The grasping roots constrict the skyshark.
The skyshark struggles to escape constriction.
The skyshark escapes!
Okay, then.
Okay, then.
Throw: 3 darts (curare)
Press: ? - help, Q - select action, (/) - cycle Shift-Dir - straight line, f/p - skyshark
Aim: a skyshark (heavily wounded, berserk, 68% to hit)
You throw a curare-tipped dart.
The curare-tipped dart hits the skyshark.
The skyshark is poisoned.
The skyshark convulses.
The skyshark seems to slow down.
The skyshark is heavily wounded.
The skyshark bites you!
You die...

... #.## ..## ######.##
..##. ##.......# ##
#.##.##.....#.## .
##.##.........## P
#...###.#†##..# #.
#####.##.#...###.#
#.###.#...l...##.# #.#
#..!......@......# ..#
###.#.##.##.#...## .#
##.######....## #
.P####..######..#####....
............)............#
...#.P.##.....#..#########
#### #P.#####..# ##..#
#...# #P.#####.##


You could see a skyshark (berserk, very poisoned, slow).

Vanquished Creatures
  A centaur warrior (D:9)
  3 two-headed ogres
  A boulder beetle (D:9)
  A skeletal warrior (D:9)
  2 deep elf pyromancers (D:9)
  A cyclops (D:9)
  3 ugly things (D:9)
  Maurice (D:8)
  Joseph (D:8)
  2 black mambas
  2 cane toads (Lair:1)
  3 torpor snails (Lair:1)
  An efreet (D:8)
  An unseen horror (D:10)
  A komodo dragon (Lair:1)
  A merfolk (D:10)
  A troll (D:9)
  Grinder (D:6)
  A wind drake (shapeshifter) (D:9)
  6 blink frogs (Lair:1)
  A hornet (D:8)
  A slime creature (D:9)
  A shadow (D:10)
  7 yaks
  A wyvern (D:8)
  A basilisk (Lair:1)
  2 steam dragons
  Eustachio (D:4)
  3 wargs (D:9)
  6 water moccasins
  Duvessa (D:4)
  3 ice beasts
  An orc warrior (D:5)
  2 sky beasts
  2 black bears (D:6)
  2 ogres
  8 wolves
  6 centaurs
  A phantom (D:5)
  2 kobold brigands
  2 scorpions
  5 bullfrogs
  9 wights (D:8)
  Dowan (D:4)
  15 killer bees
  8 howler monkeys
  2 gnoll boudas
  4 hounds
  Crazy Yiuf (D:6)
  3 jellies
  3 orc priests
  An iguana (D:5)
  2 sleepcaps (D:5)
  6 orc wizards
  A killer bee simulacrum (D:9)
  16 gnolls
  13 adders
  A shadow imp (D:7)
  2 ufetubi (D:4)
  A worm (D:3)
  A dart slug (D:1)
  23 orcs
  11 endoplasms
  4 giant cockroaches
  6 goblins
  8 hobgoblins
  15 kobolds
  3 quokkas (D:3)
  5 ball pythons
  6 bats
  5 frilled lizards
  3 rats
272 creatures vanquished.

Vanquished Creatures (others)
  A slime creature (D:9)
  A bullfrog (D:8)
  4 fungi (Lair:2)
  A plant (Lair:2)
7 creatures vanquished.

Grand Total: 279 creatures vanquished

Notes
Turn   | Place    | Note
-------+----------+-------------------------------------------
     0 | D:1      | voltaire321 the Deep Elf Earth Elementalist began the quest
                  | for the Orb.
     0 | D:1      | Reached XP level 1. HP: 10/10 MP: 6/6
    80 | D:1      | Reached XP level 2. HP: 15/15 MP: 2/8
   136 | D:1      | Learned a level 2 spell: Passwall
   506 | D:2      | Reached XP level 3. HP: 20/20 MP: 6/9
   510 | D:2      | Learned a level 3 spell: Stone Arrow
   713 | D:2      | Reached skill level 1 in Conjurations
   713 | D:2      | Reached XP level 4. HP: 24/24 MP: 7/11
   967 | D:2      | Reached skill level 1 in Fighting
   967 | D:2      | Reached skill level 1 in Armour
  1371 | D:2      | Reached XP level 5. HP: 17/29 MP: 8/12
  1633 | D:3      | Found a radiant altar of Vehumet.
  1638 | D:3      | Became a worshipper of Vehumet
  1849 | D:3      | Found a faded altar of an unknown god.
  2278 | D:4      | Noticed an ogre
  2283 | D:4      | Killed an ogre
  2284 | D:4      | Reached XP level 6. HP: 34/34 MP: 10/14
  2373 | D:4      | Found Vumoluj's Antique Armour Shop.
  2399 | D:4      | Noticed Dowan
  2401 | D:4      | Noticed Duvessa
  2406 | D:4      | Killed Duvessa
  2412 | D:4      | Killed Dowan
  2543 | D:4      | Reached XP level 7. HP: 34/39 MP: 11/15
  2580 | D:4      | Found a burning altar of Makhleb.
  2711 | D:4      | Noticed Eustachio
  2735 | D:4      | Killed Eustachio
  2936 | D:4      | Reached * piety under Vehumet
  2936 | D:4      | Offered knowledge of Freeze by Vehumet.
  3225 | D:4      | Found a basalt altar of Yredelemnul.
  3230 | D:4      | Found a hazy altar of Hepliaklqana.
  3231 | D:4      | Found a broken altar of Ashenzari.
  3233 | D:4      | Found a shadowy altar of Dithmenos.
  3233 | D:4      | Found a blossoming altar of Fedhas.
  3234 | D:4      | Found an opulent altar of Gozag.
  3236 | D:4      | Found an iron altar of Okawaru.
  3446 | D:5      | Entered Level 5 of the Dungeon
  3505 | D:4      | Bought a buckler for 139 gold pieces
  3536 | D:5      | Reached skill level 5 in Spellcasting
  3942 | D:5      | Reached skill level 5 in Stealth
  3942 | D:5      | Reached XP level 8. HP: 45/45 MP: 12/17
  4094 | D:5      | Reached skill level 1 in Shields
  4094 | D:5      | Reached skill level 5 in Earth Magic
  4619 | D:6      | Reached skill level 5 in Dodging
  4652 | D:6      | Noticed Grinder
  4989 | D:6      | Learned a level 5 spell: Lee's Rapid Deconstruction
  5087 | D:6      | Found a runed translucent door.
  5088 | D:6      | Noticed Crazy Yiuf
  5093 | D:6      | Killed Crazy Yiuf
  5093 | D:6      | Offered knowledge of Shock by Vehumet.
  5175 | D:6      | Killed Grinder
  5175 | D:6      | Reached ** piety under Vehumet
  5497 | D:6      | Reached XP level 9. HP: 50/50 MP: 18/20
  6074 | D:7      | Identified a scroll of acquirement
  6074 | D:7      | Acquired the staff of conjuration "Dam Pao" {Drain rCorr
                  | Stlth+}
  6302 | D:7      | Found a staircase to the Ecumenical Temple.
  6964 | D:8      | Noticed Joseph
  6971 | D:8      | Killed Joseph
  7121 | D:8      | You fall into a shaft and drop 3 floors!
  7140 | D:10     | Entered Level 10 of the Dungeon
  7173 | D:10     | Offered knowledge of Ignite Poison by Vehumet.
  7399 | D:9      | Noticed a troll
  7412 | D:9      | Killed a troll
  7413 | D:9      | Reached skill level 5 in Conjurations
  7413 | D:9      | Reached XP level 10. HP: 56/56 MP: 19/22
  7456 | D:8      | Noticed Maurice
  7457 | D:8      | Noticed a two-headed ogre
  7522 | D:8      | Reached skill level 5 in Armour
  7919 | D:8      | Killed a two-headed ogre
  7919 | D:8      | Identified the +0 leather armour of Vehumet's Pride {Int+3
                  | Slay+2}
  7925 | D:8      | Reached *** piety under Vehumet
  8022 | D:8      | Killed Maurice
  8565 | D:9      | Noticed a white ugly thing
  8569 | D:9      | Reached skill level 5 in Shields
  8786 | D:9      | Offered knowledge of Mephitic Cloud by Vehumet.
  8787 | D:9      | Found a runed translucent door.
  8787 | D:9      | Found a runed translucent door.
  8787 | D:9      | Noticed a cyclops
  8787 | D:9      | Noticed a deep elf pyromancer
  8787 | D:9      | Noticed a centaur warrior
  8787 | D:9      | Noticed a wizard
  8787 | D:9      | Noticed a two-headed ogre
  8788 | D:9      | Found a runed translucent door.
  9014 | D:9      | Killed a white ugly thing
  9279 | D:9      | Noticed a tengu warrior
  9279 | D:9      | Noticed a cyclops
  9279 | D:9      | Noticed a cyclops
  9280 | D:9      | Noticed a cyclops
  9281 | D:9      | Noticed a centaur warrior
  9281 | D:9      | Noticed a manticore
  9282 | D:9      | Noticed a cyclops
  9458 | D:9      | Found a staircase to the Lair.
  9508 | D:9      | Killed a centaur warrior
  9509 | D:9      | Reached XP level 11. HP: 33/62 MP: 6/25
  9638 | D:9      | Noticed a two-headed ogre
  9833 | D:9      | Killed a two-headed ogre
  9951 | D:9      | Noticed a purple ugly thing
  9951 | D:9      | Noticed a boulder beetle
  9952 | D:9      | Noticed a deep elf pyromancer
  9952 | D:9      | Noticed a deep elf pyromancer
  9952 | D:9      | Noticed a red ugly thing
  9972 | D:9      | Killed a purple ugly thing
 10109 | D:9      | Killed a red ugly thing
 10270 | D:9      | Learned a level 4 spell: Iskenderun's Mystic Blast
 10349 | D:9      | Noticed a boulder beetle
 10358 | D:9      | Killed a deep elf pyromancer
 10365 | D:9      | Killed a boulder beetle
 10366 | D:9      | Reached skill level 1 in Translocations
 10484 | D:9      | Noticed a skeletal warrior
 10485 | D:9      | Killed a deep elf pyromancer
 10602 | D:10     | Noticed a two-headed ogre
 10606 | D:10     | Killed a two-headed ogre
 10677 | D:10     | Reached skill level 5 in Fighting
 11005 | D:10     | Found a shimmering altar of Xom.
 11441 | D:9      | Killed a skeletal warrior
 11466 | D:9      | HP: 3/63 [boulder beetle (9)]
 11714 | D:9      | Found a staircase to the Orcish Mines.
 11727 | D:9      | Reached **** piety under Vehumet
 11787 | D:9      | Identified the +2 flail "Orb Guardian's Curse" {drain,
                  | rElec rF+ Str+3 Int+3}
 11813 | D:9      | Identified the +1 robe of the Baker {Fly rPois rF- rN+++}
 12081 | Lair:1   | Entered Level 1 of the Lair of Beasts
 12273 | Lair:1   | Offered knowledge of Sticky Flame by Vehumet.
 12287 | Lair:1   | Reached XP level 12. HP: 60/68 MP: 22/27
 12292 | Lair:1   | Learned a level 4 spell: Petrify
 12295 | Lair:1   | Learned a level 2 spell: Blink
 12467 | Lair:1   | Found a snail-covered altar of Cheibriados.
 13485 | Lair:2   | Slain by a skyshark

Illustrated notes

Levels and vault maps discovered:
D:1:      scummos_arrival_simple_fountains, layout_basic
D:2:      layout_loops_ring
D:3:      layout_rooms, mainiacjoe_overflow_six_doors_small,
          hellmonk_ecumenical_altar_lost_god
D:4:      layout_loops_corners, makhleb_heckhound_becter,
          nicolae_overflow_hallway_of_the_gods, serial_shops,
          nicolae_square_shop, nicolae_figureground_sparkle, uniq_duvessa,
          uniq_eustachio
D:5:      layout_layer_cave
D:6:      layout_layer_cave, uniq_grinder, uniq_crazy_yiuf_cottage
D:7:      layout_loops_ring, minmay_temple_entry_arrows
D:8:      layout_rooms, minmay_increasing_density, uniq_joseph, uniq_maurice
D:9:      minmay_the_grid_triangle_9x9_rhombus_thin_mashed
          [minmay_the_grid_triangle_9x9_fully_insulated_deathbox,
          minmay_the_grid_triangle_9x9_prize_center,
          minmay_the_grid_triangle_9x9_windchime,
          minmay_the_grid_triangle_9x9_odd_lines], layout_rooms,
          erik_lair_orcish_takeover, serial_rivers,
          chequers_serial_rivers_large_a, chequers_serial_rivers_small_a,
          chequers_serial_rivers_micro_d, chequers_serial_rivers_small_a,
          minmay_misc_feat_four_crosses, minivault_28
D:10:     layout_gridville, lemuel_coloured_pillars_altar, hangedman_fish_farm
D:11:     minmay_firetagon, layout_irregular_city, kennysheep_donut, uniq_lodul,
          uniq_harold, uniq_urug
Lair:1:   layout_big_grid, gauntlet_entry_generic, kennysheep_snail_temple,
          grunt_megastairs_5
Lair:2:   layout_loops_ring, nicolae_swamp_entry_splash_gauntlet,
          infiniplex_staircase_pool, serial_bayou_shore_a

Skill      XL: |  1  2  3  4  5  6  7  8  9 10 11 12 |
---------------+-------------------------------------+-----
Stealth        | 3 4 5 6 7 9 |  9.4
Conjurations   | 1 2 3 4 5 6 7 |  7.3
Dodging        | 3 4 5 6 7 8 |  8.6
Transmutations | 2 |  2.0
Fighting       | 1 2 3 4 5 |  5.5
Armour         | 1 2 3 4 6 7 |  7.7
Earth Magic    | 4 5 6 7 8 9 |  9.5
Spellcasting   | 4 5 6 7 8 9 |  9.5
Shields        | 2 4 5 |  5.0
Translocations | 2 |  2.9

Action                     |  1- 3 |  4- 6 |  7- 9 | 10-12 || total
---------------------------+-------+-------+-------+-------++-------
  Melee: Whip              |       |       |    21 |       ||    21
         Punch             |       |       |     1 |       ||     1
         Staff             |       |       |     1 |     9 ||    10
  Throw: Dart              |       |       |       |     2 ||     2
   Cast: Sandblast         |    37 |    78 |   150 |   191 ||   456
         Stone Arrow       |       |     3 |     6 |    81 ||    90
         Lee's Rapid Decon |       |       |       |     8 ||     8
         Iskenderun's Myst |       |       |       |    12 ||    12
  Evoke: Wand              |       |       |     3 |     7 ||    10
    Use: Scroll            |       |       |    13 |    10 ||    23
         Potion            |       |       |       |     2 ||     2
   Stab: Sleeping          |       |       |     1 |       ||     1
 Armour: Robe              |     2 |     3 |       |       ||     5
         Ring mail         |       |     2 |    27 |    70 ||    99
  Dodge: Dodged            |     6 |    24 |    44 |   124 ||   198
  Block: Buckler           |       |       |    10 |    68 ||    78

Table legend: (Time is in decaauts)
 A = Elapsed time spent in this place.
 B = Non-inter-level travel time spent in this place.
 C = Inter-level travel time spent in this place.
 D = Time resting spent in this place.
 E = Time spent auto-exploring this place.
 F = Levels seen in this place.
 G = Mean time per level.
                   A        B        C        D        E       F      G
               +--------+--------+--------+--------+--------+-----+--------+
         Total |  13757 |  12988 |    769 |   3376 |   6817 |  13 | 1058.2 |
       Dungeon |  12296 |  11538 |    758 |   3084 |   5948 |  11 | 1117.8 |
          Lair |   1461 |   1450 |     11 |    292 |    869 |   2 |  730.5 |
               +--------+--------+--------+--------+--------+-----+--------+

Top non-repeatable levels by time:
     D:9: 1734 daAuts
     D:8: 1701 daAuts
     D:4: 1418 daAuts
    D:10: 1401 daAuts
     D:6: 1385 daAuts
     D:7: 1300 daAuts
  Lair:1: 1214 daAuts
     D:5: 1124 daAuts
     D:2: 933 daAuts
     D:3: 764 daAuts
     D:1: 513 daAuts
  Lair:2: 247 daAuts
    D:11: 18 daAuts
